 Seeded DCSS version 0.30-a0-920-g7493c07aab (webtiles) character file.

Game seed: 3125986916090331667 (custom seed)

132 Parcival the Covered (level 4, -16/40 HPs)
             Began as a Minotaur Fighter on Mar 21, 2023.
             Killed by divine providence
             ... invoked by an orc priest
              (20 damage)
             ... on level 4 of the Dungeon.
             The game lasted 00:06:31 (2233 turns).

Parcival the Covered (Minotaur Fighter)             Turns: 2233, Time: 00:06:33

Health: -16/40     AC: 13    Str: 32    XL:     4   Next: 92%
Magic:  3/3        EV:  8    Int:  5    God:
Gold:   152        SH:  4    Dex: 11    Spells: 3/3 levels left

rFire   + . .      SeeInvis .    e - +1 long sword of Desertification {heavy, Dex+2}
rCold   . . .      Faith    .    c - +0 buckler
rNeg    + . .      Spirit   .    q - +1 chain mail of Supple Strength {Harm Str+3}
rPois   .          Reflect  .    (helmet restricted)
rElec   +          Rampage  .    o - +2 cloak of the Evil One {+Blink rElec rF+ rN+}
rCorr   .          Harm     + .  (no gloves)
Will    .....                    (no boots) Stlth
                                 (no amulet)
HPRegen 0.26/turn                g - +6 ring of strength
MPRegen 0.08/turn                (no ring)

@: weak-willed, on blink cooldown
A: horns 2, retaliatory headbutt
a: Evoke Blink


You were on level 4 of the Dungeon.
You visited 1 branch of the dungeon, and saw 4 of its levels.

You collected 152 gold pieces.

Inventory:

Hand Weapons
 a - a +1 heavy war axe
 e - the +1 long sword of Desertification (weapon) {heavy, Dex+2}
   (You acquired it on level 1 of the Dungeon)

   Dex:       It affects your dexterity (+2).
Armour
 b - a +0 scale mail
 c - a +0 buckler (worn)
 o - the +2 cloak of the Evil One (worn) {+Blink rElec rF+ rN+}
   (You acquired it on level 2 of the Dungeon)

   rF:        It protects you from fire.
   rElec:     It insulates you from electricity.
   rN:        It protects you from negative energy.
   +Blink:    It lets you blink.
 q - the +1 chain mail of Supple Strength (worn) {Harm Str+3}
   (You found it on level 3 of the Dungeon)

   Str:       It affects your strength (+3).
   Harm:      It increases damage dealt and taken.
Jewellery
 g - a +6 ring of strength (left hand)
 i - an amulet of magic regeneration
 p - an amulet of guardian spirit
 t - a ring of wizardry
Scrolls
 f - 2 scrolls of teleportation
Potions
 d - 2 potions of might
 h - 2 potions of heal wounds
 j - 2 potions of degeneration
 k - a potion of brilliance
 l - a potion of resistance
 m - a potion of lignification {unknown}


   Skills:
 + Level 4.0 Fighting
 + Level 1.5 Long Blades
 + Level 4.3 Axes
 + Level 4.5 Armour
 + Level 0.4 Dodging
 + Level 0.3 Stealth
 + Level 4.1 Shields


You had 3 spell levels left.
You didn't know any spells.
Your spell library contained the following spells:

 Spells                   Type           Power      Damage    Failure   Level
 Sandblast                Erth           0%         2d4       97%         1
 Passwall                 Tmut/Erth      0%         N/A       99%         2
 Stone Arrow              Conj/Erth      0%         3d7       100%        3


Dungeon Overview and Level Annotations

Branches:
Dungeon (4/15)
 Temple: D:4-7

Altars:
Okawaru

Shops:
D:3 :


Innate Abilities, Weirdness & Mutations

You have a pair of horns on your head.
You reflexively headbutt those who attack you in melee.


Message History

An iguana comes into view.
The dart slug launches a dart at you.
The slug dart hits you but does no damage.
A centaur comes into view.
The orc priest barely misses you.
The orc priest mumbles some strange prayers to Beogh against you.
Beogh smites you!
* * * LOW HITPOINT WARNING * * *
You hear an angry hiss.
The orc priest attacks as you move away!
The orc priest hits you but does no damage.
The adder hisses angrily.
The orc barely misses you. The orc hits you but does no damage.
The orc priest closely misses you.
You slice the orc priest!!
You kill the orc priest!
The orc hits you with a +0 club.
* * * LOW HITPOINT WARNING * * *
The orc priest hits you but does no damage.
The orc hits you but does no damage. The adder closely misses you.
The dart slug launches a dart at you. You block the slug dart.
The orc priest closely misses you. You block the orc's attack.
The orc hits you but does no damage.
Your Fighting skill increases to level 4!
Your Long Blades skill increases to level 1!
You blink.
Found a long sword.
The centaur shouts!
The centaur wields a +0 shortbow.
The centaur shoots an arrow.
The arrow hits you but does no damage.
The centaur shoots an arrow.
The arrow hits you but does no damage.
A sleepcap comes into view.
The iguana bites you!
* * * LOW HITPOINT WARNING * * *
The iguana attacks as you move away! The iguana barely misses you.
The centaur shoots an arrow.
The arrow hits you.
* * * LOW HITPOINT WARNING * * *
The orc priest invokes the aid of Beogh against you.
Beogh smites you!
Ouch! That really hurt!
You die...

#### ....#######
..........# #
### ..........#
#.(.#
..........# .
#.#.##
#..........# ..
...[.
#.......@..##...
###.#.
+...............
+.....
......lo..##...
###.#.
)..c.So...# .
#<#. f###...w..#
###. #.o....# .
#......# .
#......# .
.......).....# .


You could see a sleepcap, a centaur, an iguana, an orc priest, an adder, a dart
slug and 2 orcs.

Vanquished Creatures
  An orc priest (D:4)
  Natasha (D:2)
  A gnoll (D:1)
  An adder (D:2)
  A worm (D:2)
  A dart slug (D:2)
  An orc (D:3)
  4 endoplasms
  A giant cockroach (D:2)
  4 hobgoblins
  8 kobolds
  3 quokkas
  8 ball pythons
  4 bats
  2 frilled lizards
  8 goblins
  4 rats
53 creatures vanquished.

Vanquished Creatures (others)
  A plant (D:1)
1 creature vanquished.

Grand Total: 54 creatures vanquished

Notes
Turn   | Place    | Note
-------+----------+-------------------------------------------
     0 | D:1      | Parcival the Minotaur Fighter began the quest for the Orb.
     0 | D:1      | Reached XP level 1. HP: 19/19 MP: 0/0
    25 | D:1      | Identified a scroll of acquirement
    25 | D:1      | Acquired the +1 long sword of Desertification {heavy,
                  | Dex+2}
   196 | D:1      | Reached XP level 2. HP: 27/27 MP: 1/1
   609 | D:1      | Reached XP level 3. HP: 23/33 MP: 2/2
  1243 | D:2      | Noticed Natasha
  1252 | D:2      | Killed Natasha
  1253 | D:2      | Reached XP level 4. HP: 23/40 MP: 3/3
  1478 | D:2      | Acquired the +2 cloak of the Evil One {+Blink rElec rF+
                  | rN+}
  1828 | D:3      | Found Digoh's Book Boutique.
  1922 | D:3      | Identified the +1 chain mail of Supple Strength {Harm
                  | Str+3}
  2012 | D:3      | Found an iron altar of Okawaru.
  2227 | D:4      | Noticed a centaur
  2230 | D:4      | Reached skill level 1 in Long Blades
  2233 | D:4      | Killed from afar by an orc priest

Illustrated notes

Levels and vault maps discovered:
D:1:      amcnicky_arrival_single_pillar, layout_loops_cross,
          hangedman_glass_garden
D:2:      layout_loops_ring, dk_vineyard_1, uniq_natasha
D:3:      layout_basic, mainiacjoe_overflow_catwalk, serial_forest,
          infiniplex_forest_zigzag_1, infiniplex_forest_split,
          infiniplex_forest_end_double, infiniplex_forest_lined_room_,
          infiniplex_forest_corner_1, infiniplex_forest_lined_room_2,
          serial_shops, nicolae_shop_hallway_stairs
D:4:      layout_basic, old_standard_altar

Skill      XL: |  1  2  3  4 |
---------------+-------------+-----
Axes           | 3 4 |  4.3
Armour         | 4 |  4.5
Shields        | 4 |  4.1
Fighting       | 4 |  4.0
Long Blades    | 1 |  1.5
Dodging        | |  0.4
Stealth        | |  0.3

Action                     |  1- 3 |  4- 6 || total
---------------------------+-------+-------++-------
  Melee: War axe           |    38 |       ||    38
         Headbutt          |     5 |     5 ||    10
         Long sword        |    21 |    23 ||    44
Ability: Evoke Blink       |       |     2 ||     2
    Use: Scroll            |     3 |    10 ||    13
 Armour: Scale mail        |    38 |    15 ||    53
         Chain mail        |       |    11 ||    11
  Dodge: Dodged            |    44 |    22 ||    66
  Block: Buckler           |    15 |     6 ||    21

Table legend: (Time is in decaauts)
 A = Elapsed time spent in this place.
 B = Non-inter-level travel time spent in this place.
 C = Inter-level travel time spent in this place.
 D = Time resting spent in this place.
 E = Time spent auto-exploring this place.
 F = Levels seen in this place.
 G = Mean time per level.
                   A        B        C        D        E       F      G
               +--------+--------+--------+--------+--------+-----+--------+
         Total |   2298 |   2178 |    120 |      0 |   1613 |   4 |  574.5 |
       Dungeon |   2298 |   2178 |    120 |      0 |   1613 |   4 |  574.5 |
               +--------+--------+--------+--------+--------+-----+--------+

Top non-repeatable levels by time:
     D:1: 793 daAuts
     D:2: 771 daAuts
     D:3: 721 daAuts
     D:4: 11 daAuts
